 Dungeon Crawl Stone Soup version 0.25-a0-378-gd2ca0b7745 (webtiles) character file.

Game seed: 13938902516944782762, levelgen mode: deterministic

408 PentaManta the Caller (level 6, -1/32 HPs)
             Began as a Tengu Summoner on Jan 7, 2020.
             Was an Initiate of Sif Muna.
             Slain by a hound (5 damage)
             ... on level 5 of the Dungeon.
             The game lasted 00:21:35 (4812 turns).

PentaManta the Caller (Tengu Summoner)              Turns: 4812, Time: 00:21:35

Health: -1/32      AC:  3    Str:  8    XL:     6   Next: 88%
Magic:  1/13       EV: 13    Int: 18    God:    Sif Muna [......]
Gold:   168        SH:  0    Dex: 14    Spells: 4/13 levels left

rFire    . . .     SeeInvis .   k - +2 spear (freeze)
rCold    + . .     Gourm    .   (no shield)
rNeg     . . .     Faith    .   a - +1 robe
rPois    .         Spirit   .   (helmet restricted)
rElec    .         Reflect  .   (no cloak)
rCorr    .         Harm     .   (no gloves)
MR       .....                  (boots unavailable)
Stlth    ++........             (no amulet)
HPRegen  0.10/turn              j - ring of protection from cold
MPRegen  0.13/turn              (no ring)

@: no status effects
A: beak, talons 3, able to fly
a: Fly, Renounce Religion


You were on level 5 of the Dungeon.
You worshipped Sif Muna.
Sif Muna was noncommittal.
You were not hungry.

You visited 2 branches of the dungeon, and saw 6 of its levels.

You collected 168 gold pieces.

Inventory:

Hand Weapons
 c - a +0 trident
 i - a +1 dagger of venom
 k - a +2 spear of freezing (weapon)
 m - the +10 mace of the Blowfly {venom, rElec rC- MR- Str+10}
   (You found it on level 4 of the Dungeon)

   It poisons the flesh of those it strikes.
   It affects your strength (+10).
   It makes you vulnerable to cold.
   It insulates you from electricity.
   It affects your resistance to hostile enchantments.
Missiles
 b - 91 stones (quivered)
Armour
 a - a +1 robe (worn)
Jewellery
 j - a ring of protection from cold (left hand)
Wands
 q - a wand of scattershot (8)
Scrolls
 f - 5 scrolls of identify
 p - a scroll of amnesia
Potions
 d - 2 potions of heal wounds
 e - a potion of curing {unknown}
 h - 2 potions of brilliance {unknown}
 l - a potion of mutation {unknown}
 n - a potion of invisibility {unknown}
 o - a potion of resistance {unknown}
 t - a potion of flight {unknown}
Comestibles
 r - 2 rations


   Skills:
 + Level 2.5 Polearms
 - Level 2.7 Dodging
 - Level 2.0 Stealth
 + Level 4.0 Spellcasting
 + Level 6.8 Summonings
 * Level 2.8 Air Magic


You had 4 spell levels left.
You knew the following spells:

 Your Spells              Type           Power        Failure   Level  Hunger
b - Call Imp              Summ           ####....     1%          2    ##.....
c - Call Canine Familiar  Summ           ####....     2%          3    ###....
d - Summon Lightning Spi  Summ/Air       ###.....     21%         4    ####...

Your spell library contained the following spells:

 Spells                   Type           Power        Failure   Level  Hunger
 Summon Small Mammal      Summ           ####         1%          1    None
 Summon Guardian Golem    Hex/Summ       ###.....     11%         3    ###....
 Summon Ice Beast         Ice/Summ       ###.....     34%         4    ####...


Dungeon Overview and Level Annotations

Branches:
Dungeon (5/15)             Temple (1/1) D:4

Altars:
Ashenzari
Cheibriados
Elyvilon
Gozag
Hepliaklqana
Makhleb
Nemelex Xobeh
Okawaru
Qazlal
Ru
Sif Muna
Uskayaw
Vehumet
Wu Jian
Yredelemnul
The Shining One

Annotations:
D:4 1 runed translucent door, Grinder; SnubMonkey's ghost, amateur GnAs


Innate Abilities, Weirdness & Mutations

You have a beak for a mouth.
You have claws for feet.
You can fly continuously.


Message History

Your crimson imp blinks!
The hound misses you.
Your hound completely misses the centaur skeleton.
Your hound bites the centaur skeleton.
The hound barely misses you.
Your hound bites the centaur skeleton. x2
The centaur skeleton hits your hound.
Your hound bites the centaur skeleton.
The centaur skeleton hits your hound.
The hound pauses to sniff the ground.
The hound completely misses you.
Your hound bites the centaur skeleton.
The centaur skeleton hits your hound!
Your hound dies!
Your hound's corpse disappears in a puff of smoke!
The centaur skeleton barely misses you. The hound closely misses you.
The centaur skeleton hits you.
* * * LOW HITPOINT WARNING * * *
Your crimson imp hits the centaur skeleton.
The centaur skeleton is destroyed!
Sif Muna accepts your kill. The hound bites you.
You die...

#########
#...<...#
#.8...8.#
#....)..#
#.8..@85#
#.....h.#
#.8...8.#
#.......#
####+####


You could see a hound and a friendly crimson imp.

Vanquished Creatures
  A howler monkey (D:4)
  2 orc wizards (D:4)
  2 adders (D:4)
  A gnoll (D:2)
  A worm (D:3)
  A dart slug (D:2)
  A leopard gecko (D:4)
  3 orcs
  3 giant cockroaches
  4 hobgoblins
  5 bats
  7 frilled lizards
  3 goblins
  A kobold (D:2)
  4 rats
39 creatures vanquished.

Vanquished Creatures (collateral kills)
  An ogre (D:4)
  A bullfrog skeleton (D:4)
  A centaur skeleton (D:5)
  An orc priest (D:3)
  3 orc wizards
  2 worker ants (D:4)
  A hound skeleton (D:4)
  4 adders (D:4)
  3 gnolls (D:2)
  A worm (D:3)
  13 orcs
  8 bats
  2 giant cockroaches
  4 goblins
  3 hobgoblins (D:1)
  2 frilled lizards
  5 kobolds
  3 rats (D:1)
58 creatures vanquished.

Vanquished Creatures (others)
  An orc wizard (D:4)
1 creature vanquished.

Grand Total: 98 creatures vanquished

Notes
Turn   | Place    | Note
-------+----------+-------------------------------------------
     0 | D:1      | PentaManta the Tengu Summoner began the quest for the Orb.
     0 | D:1      | Reached XP level 1. HP: 10/10 MP: 4/4
   305 | D:1      | Reached skill level 5 in Summonings
   354 | D:1      | Reached XP level 2. HP: 14/15 MP: 6/6
   401 | D:1      | Learned a level 2 spell: Call Imp
  1066 | D:1      | You fall into a shaft and drop 1 floor!
  1081 | D:2      | Found an iron altar of Okawaru.
  1122 | D:2      | Found a shattered altar of Ashenzari.
  1237 | D:2      | Reached XP level 3. HP: 14/19 MP: 7/7
  1395 | D:2      | Learned a level 3 spell: Call Canine Familiar
  1684 | D:2      | Found a faded altar of an unknown god.
  2239 | D:3      | Reached XP level 4. HP: 24/24 MP: 9/9
  2282 | D:3      | Reached skill level 1 in Polearms
  3034 | D:3      | Reached skill level 6 in Summonings
  3247 | D:4      | Found a glowing golden altar of the Shining One.
  3252 | D:4      | Gained mutation: You can fly continuously. [Tengu growth]
  3252 | D:4      | Reached XP level 5. HP: 28/28 MP: 6/10
  3368 | D:4      | HP: 1/28 [orc/+0 morningstar (4)]
  3650 | D:4      | Learned a level 4 spell: Summon Lightning Spire
  3786 | D:4      | Reached XP level 6. HP: 27/32 MP: 1/12
  3787 | D:4      | Reached skill level 1 in Air Magic
  4013 | D:4      | Found a runed translucent door.
  4013 | D:4      | Noticed SnubMonkey's ghost (amateur GnAs)
  4058 | D:4      | Found a staircase to the Ecumenical Temple.
  4068 | Temple   | Entered the Ecumenical Temple
  4298 | Temple   | Became a worshipper of Sif Muna the Loreminder
  4387 | D:4      | Found a sacrificial altar of Ru.
  4616 | D:4      | Found an ornate altar of the Wu Jian Council.
  4687 | D:4      | Got a bloodstained mace
  4688 | D:4      | Identified the +10 mace of the Blowfly {venom, rElec rC-
                  | MR- Str+10} (You found it on level 4 of the Dungeon)
  4726 | D:4      | Noticed Grinder
  4762 | D:4      | Paralysed by Grinder for 4 turns
  4781 | D:4      | Paralysed by Grinder for 7 turns
  4796 | D:5      | Entered Level 5 of the Dungeon
  4812 | D:5      | Slain by a hound

Levels and vault maps discovered:
D:1:      eino_arrival_cavern_b, layout_basic, minmay_misc_feat_encased
D:2:      layout_basic, nicolae_overflow_hidden_temple, lemuel_crystal_altar,
          chequers_ecumenical_altar_simple_redux
D:3:      layout_basic, first_ration, minmay_strange_pillars,
          serial_bayou_crossing
D:4:      layout_basic, old_standard_altar, nicolae_ru_awakened_eye,
          minmay_temple_entry_wispy, hellmonk_ghost_happy_afterlife,
          grunt_ministairs_1, lemuel_statue_altar, uniq_grinder
D:5:      minmay_diamond_boxcup, layout_basic, corexii_hall_statues_x,
          hangedman_decor_peaks_small, grunt_ministairs_3, trog_wizard,
          uniq_sigmund
Temple:   minmay_temple_curvy_loop

Skill      XL: |  1  2  3  4  5  6 |
---------------+-------------------+-----
Summonings     | 5 6 |  6.8
Spellcasting   | 3 4 |  4.0
Polearms       | 1 2 |  2.5
Air Magic      | 2 |  2.8
Dodging        | |  2.7
Stealth        | |  2.0

Action                   |  1- 3 |  4- 6 || total
-------------------------+-------+-------++-------
Melee: Unarmed           |    48 |       ||    48
       Kick              |    16 |    10 ||    26
       Peck              |     6 |     7 ||    13
       Dagger            |     9 |       ||     9
       Short sword       |     4 |       ||     4
       Spear             |    19 |   112 ||   131
Throw: Stone             |     1 |       ||     1
 Cast: Summon Small Mamm |    13 |     7 ||    20
       Call Imp          |    13 |    21 ||    34
       Call Canine Famil |     2 |    17 ||    19
  Use: Scroll            |     2 |     6 ||     8
       Potion            |       |     1 ||     1
 Stab: Sleeping          |     5 |     1 ||     6
       Distracted        |     1 |       ||     1
  Eat: Chunk             |     3 |     6 ||     9
       Ration            |     1 |     1 ||     2
Armor: Robe              |    24 |     5 ||    29
Dodge: Dodged            |    76 |    53 ||   129

Table legend:
 A = Non-vault XP
 B = Vault XP
 C = Vault XP percentage of total XP
 D = Non-vault monster count
 E = Vault monster count
 F = Vault count percentage of total count
                 A         B        C        D         E       F
            +---------+---------+-------+---------+---------+-------
      Total |     555 |      29 |   5.0 |      95 |       3 |   3.1
            +---------+---------+-------+---------+---------+-------
        D:1 |      25 |       0 |   0.0 |      23 |       0 |   0.0
        D:2 |      54 |       0 |   0.0 |      22 |       0 |   0.0
        D:3 |      85 |       0 |   0.0 |      21 |       0 |   0.0
        D:4 |     371 |      28 |   7.0 |      28 |       2 |   6.7
        D:5 |      20 |       1 |   4.8 |       1 |       1 |  50.0
            +---------+---------+-------+---------+---------+-------
